 Dungeon Crawl Stone Soup version 0.19-a0-1050-g8e71ee3 (webtiles) character file.

10 Musica the Grave Robber (level 2, 0/19 HPs)
             Began as a Mummy Necromancer on Aug 1, 2016.
             Slain by a jackal (1 damage)
             ... on level 1 of the Dungeon.
             The game lasted 00:02:06 (288 turns).

Musica the Grave Robber (Mummy Necromancer)          Turns: 288, Time: 00:02:07

Health: 0/19       AC:  2    Str: 11    XL:     2   Next: 10%
Magic:  0/5        EV: 12    Int: 14    God:
Gold:   4          SH:  0    Dex: 12    Spells: 2 memorised, 3 levels left

rFire  x . .     SeeInvis .     d - +0 hunting sling
rCold  + . .     Gourm    .     a - +0 robe
rNeg   + + +     Faith    .     (no shield)
rPois  ∞         Spirit   .     (no helmet)
rElec  .         Dismiss  .     (no cloak)
rCorr  .         Reflect  .     (no gloves)
SustAt .         Harm     .     (no boots)
MR     .....                    (no amulet)
Stlth  ++........               (no ring)
                                (no ring)

@: not resistant to hostile enchantments, unstealthy
A: no food or potions, fire vulnerability, cold resistance 1, negative energy
resistance 3, torment resistance, unbreathing
a: no special abilities


You were on level 1 of the Dungeon.
You were not hungry.

You visited 1 branch of the dungeon, and saw 1 of its levels.

You collected 4 gold pieces.

Inventory:

Hand Weapons
 d - a +0 hunting sling (weapon)
Missiles
 c - 18 stones (quivered)
 f - 23 bolts
Armour
 a - a +0 robe (worn)
Scrolls
 e - a scroll of recharging {unknown}
Books
 b - a book of Necromancy

   Spells                             Type                      Level
   a - Pain                           Necromancy                   1
   b - Animate Skeleton               Necromancy                   1
   c - Vampiric Draining              Necromancy                   3
   d - Regeneration                   Charms/Necromancy            3
   e - Animate Dead                   Necromancy                   4
   f - Control Undead                 Necromancy                   4


   Skills:
 - Level 1.5 Dodging
 - Level 1.5 Stealth
 + Level 2.0 Spellcasting
 + Level 4.4 Necromancy


You had 3 spell levels left.
You knew the following spells:

 Your Spells              Type           Power        Failure   Level  Hunger
a - Pain                  Necr           ##..         4%          1    N/A
b - Animate Skeleton      Necr           N/A          4%          1    N/A

Dungeon Overview and Level Annotations

Branches:
Dungeon (1/15)

Altars:


Innate Abilities, Weirdness & Mutations

You do not eat or drink.
Your flesh is vulnerable to fire.
You are immune to poison.
Your flesh is cold resistant. (rC+)
You are immune to negative energy. (rN+++)
You are immune to unholy pain and torment.
You can survive without breathing.


Message History

Aim: a jackal (almost dead)
You shoot a stone. The stone barely misses the jackal.
The stone closely misses the jackal.
The jackal completely misses you. The jackal bites you.
* * * LOW HITPOINT WARNING * * *
You are too injured to fight recklessly!
You are too injured to fight recklessly!
You are too injured to fight recklessly!
Firing (i - inventory):
c - 20 stones (quivered)
Press: ? - help, Shift-Dir - straight line, f/p - jackal
Aim: a jackal (almost dead)
You shoot a stone. The stone hits the jackal.
You kill the jackal!
Firing (i - inventory):
c - 19 stones (quivered)
Press: ? - help, Shift-Dir - straight line, f - jackal
Aim: a jackal (moderately wounded)
You shoot a stone. The stone closely misses the jackal.
The jackal bites you.
* * * LOW HITPOINT WARNING * * *
The jackal bites you.
You die...

$.. #.......................
...### #.......#####...........
.....### #.......................
#......###.....#########.........
..#.#...##...............###.....
#.....(..........#####...##....#.
#.#(#.#...##).#..........##....##
......###....#####..##..###.... #
.....###...#(((h@......## #...
....###..#.##########.##
....#......# #.# .......###.# #.#
.....## #?# #.# ....# #.# #.# ..#
#.# #.# ###


You could see a jackal.

Vanquished Creatures
  A worm (D:1)
  2 jackals (D:1)
  3 kobolds (D:1)
  A rat (D:1)
7 creatures vanquished.

Notes
Turn   | Place    | Note
-------+----------+-------------------------------------------
     0 | D:1      | Musica the Mummy Necromancer began the quest for the Orb.
     0 | D:1      | Reached XP level 1. HP: 13/13 MP: 3/3
    61 | D:1      | Learned a level 1 spell: Animate Skeleton
   284 | D:1      | Reached XP level 2. HP: 6/19 MP: 0/5
   288 | D:1      | Slain by a jackal

Vault maps used:
D:1:      evilmike_arrival_run_for_it, serial_co_window_serial,
          co_window_paths_a, co_window_paths_a, co_window_corner_a,
          co_window_of_opportunity_a, co_window_of_opportunity_a,
          co_window_broadway_a, co_window_2corner, co_window_broadway_c,
          co_window_unsneaky_path_e, co_window_unsneaky_path_c, glass_columns_a,
          glass_columns_a, glass_columns_a, glass_columns_b, glass_columns_b,
          grunt_decor_resistance

Action                   || total
-------------------------++-------
 Fire: Hunting sling     ||    21
 Cast: Pain              ||    17
       Animate Skeleton  ||     1
Armor: Robe              ||     1
Dodge: Dodged            ||    17
